 Dungeon Crawl Stone Soup version 0.29-a0-367-gc2b5878c41 (webtiles) character file.

Game seed: 14195622633123433694

91 Lekart the Slasher (level 4, -1/40 HPs)
             Began as a Draconian Chaos Knight on May 1, 2022.
             Was a Plaything of Xom.
             Slain by Sigmund
             ... wielding a +3 scythe of flaming
              (5 damage)
             ... on level 3 of the Dungeon.
             The game lasted 00:02:12 (1796 turns).

Lekart the Slasher (Draconian Chaos Knight)         Turns: 1796, Time: 00:02:13

Health: -1/40      AC:  5    Str: 15    XL:     4   Next: 34%
Magic:  4/4        EV: 12    Int: 12    God:    Xom [......]
Gold:   80         SH:  0    Dex: 12    Spells: 3/3 levels left

rFire   . . .      SeeInvis .   a - +0 falchion (chaos)
rCold   . . .      Faith    .   (no shield)
rNeg    . . .      Spirit   .   (body armour unavailable)
rPois   .          Reflect  .   (helmet restricted)
rElec   .          Harm     .   (no cloak)
rCorr   .          Rampage  .   (no gloves)
Will    .....                   (no boots)
Stlth   +.........              (no amulet)
HPRegen 0.13/turn               (no ring)
MPRegen 0.09/turn               (no ring)

@: no status effects
A: AC +5, unfitting armour, cold-blooded
a: Renounce Religion


You were on level 3 of the Dungeon.
You worshipped Xom.
You were a very special plaything of Xom.
You visited 1 branch of the dungeon, and saw 3 of its levels.

You collected 80 gold pieces.

Inventory:

Hand Weapons
 a - a +0 falchion of chaos (weapon)
Scrolls
 c - a scroll of fog
 d - 2 scrolls of immolation
 e - 2 scrolls of identify
 f - a scroll of enchant armour
 g - a scroll of magic mapping
 i - a scroll of amnesia {unknown}
Miscellaneous
 b - a piece from Xom's chessboard (3/15) (quivered)


   Skills:
 + Level 3.9 Fighting
 + Level 4.0 Long Blades
 * Level 3.1 Dodging
 + Level 0.1 Evocations


You had 3 spell levels left.
You didn't know any spells.
Your spell library contained the following spells:

 Spells                   Type           Power      Damage    Failure   Level
 Summon Small Mammal      Summ           0%         N/A       32%         1
 Call Canine Familiar     Summ           0%         N/A       69%         3
 Summon Guardian Golem    Hex/Summ       0%         N/A       69%         3


Dungeon Overview and Level Annotations

Branches:
Dungeon (3/15)

Altars:

Annotations:
D:3 Sigmund


Innate Abilities, Weirdness & Mutations

Your plain brown scales are hard. (AC +5)
You cannot fit into any form of body armour.
You are cold-blooded and may be slowed by cold attacks.


Message History

Sigmund hits you with a +3 scythe of flaming!
Sigmund burns you.
The endoplasm hits you but does no damage.
You hit Sigmund.
Sigmund appears confused.
Sigmund is lightly wounded.
The endoplasm freezes you.
You are frozen.
You feel yourself slow down. Sigmund closely misses you.
Xom thinks this is hilarious!
Sigmund barely misses himself.
You are too injured to fight recklessly!
You are too injured to fight recklessly!
You are too injured to fight recklessly!
Unknown command.
It was a potion of cancellation.
Your magical effects are unravelling.
You feel magically purged.
Xom roars with laughter!
You feel yourself speed up. The endoplasm freezes you.
You are frozen.
You feel yourself slow down.
You hit Sigmund. You tail-slap Sigmund.
Sigmund is lightly wounded.
The endoplasm misses you. The endoplasm closely misses you.
You feel yourself speed up.
Sigmund screams, "I'll kill you anyway!"
Sigmund hits you with a +3 scythe of flaming.
Sigmund burns you.
The endoplasm hits you but does no damage.
You hit Sigmund.
Space warps around Sigmund.
Sigmund is heavily wounded.
Sigmund seems less confused.
Sigmund gestures wildly while chanting.
Sigmund flickers and vanishes!
Deactivating autopickup; reactivate with Ctrl-A.
The endoplasm hits you but does no damage.
You barely miss something.
Your tail-slap misses something.
Something hits you!
* * * LOW HITPOINT WARNING * * *
Something burns you.
You die... "This toy is broken."

#### ##...
#.###...##
........ #
#...######
#.######
..####........
#.....)#
.$......######
#J#.#.####(##
#@.# #. #{##
.. ##. ### #.
.. ##


You could see an endoplasm (misshapen).

Vanquished Creatures
  4 adders
  A worm (D:2)
  2 dart slugs (D:1)
  2 ball pythons (D:1)
  5 endoplasms
  2 giant cockroaches
  6 goblins
  A hobgoblin (D:3)
  7 jackals
  A kobold (D:2)
  3 quokkas
  5 bats
  A frilled lizard (D:1)
  5 rats
45 creatures vanquished.

Notes
Turn   | Place    | Note
-------+----------+-------------------------------------------
     0 | D:1      | Lekart the Draconian Chaos Knight began the quest for the
                  | Orb.
     0 | D:1      | Reached XP level 1. HP: 19/19 MP: 1/1
   286 | D:1      | Reached XP level 2. HP: 26/26 MP: 2/2
   856 | D:1      | Reached XP level 3. HP: 33/33 MP: 3/3
  1234 | D:2      | Reached XP level 4. HP: 40/40 MP: 4/4
  1661 | D:3      | Reached skill level 4 in Long Blades
  1782 | D:3      | Noticed Sigmund
  1782 | D:3      | XOM: 3-stop teleportation journey
  1796 | D:3      | Slain by Sigmund

Illustrated notes

Levels and vault maps discovered:
D:1:      dpeg_arrival_round_b, layout_basic, corexii_leaking_fountain,
          minmay_cut_off
D:2:      layout_basic
D:3:      layout_loops_ring, amcnicky_mini_pool_small, uniq_ijyb,
          uniq_crazy_yiuf_cottage, uniq_grinder, uniq_sigmund

Skill      XL: |  1  2  3  4 |
---------------+-------------+-----
Dodging        | 3 |  3.1
Long Blades    | 4 |  4.0
Fighting       | |  3.9
Evocations     | |  0.1

Action                   |  1- 3 |  4- 6 || total
-------------------------+-------+-------++-------
Melee: Falchion          |    95 |    37 ||   132
       Tailslap          |     6 |     3 ||     9
Evoke: Piece from Xom's  |     1 |    11 ||    12
  Use: Scroll            |     6 |       ||     6
       Potion            |       |     1 ||     1
 Stab: Paralysed         |     2 |       ||     2
       Petrified         |       |     2 ||     2
       Sleeping          |       |     1 ||     1
Armor: Skin              |    33 |    16 ||    49
Dodge: Dodged            |    93 |    21 ||   114

Table legend: (Time is in decaauts)
 A = Elapsed time spent in this place.
 B = Non-inter-level travel time spent in this place.
 C = Inter-level travel time spent in this place.
 D = Time resting spent in this place.
 E = Time spent auto-exploring this place.
 F = Levels seen in this place.
 G = Mean time per level.
                   A        B        C        D        E       F      G
               +--------+--------+--------+--------+--------+-----+--------+
         Total |   1814 |   1759 |     55 |      0 |   1450 |   3 |  604.7 |
       Dungeon |   1814 |   1759 |     55 |      0 |   1450 |   3 |  604.7 |
               +--------+--------+--------+--------+--------+-----+--------+

Top non-repeatable levels by time:
     D:1: 909 daAuts
     D:2: 751 daAuts
     D:3: 153 daAuts
